 Dungeon Crawl Stone Soup version 0.27-a0-46-g34d46f0a3f (webtiles) character file.

Game seed: 17597715676131063493

25 Borgoz the Ruffian (level 3, -2/33 HPs)
             Began as a Ghoul Monk on Jan 6, 2021.
             Splashed by a jelly's acid (4 damage)
             ... on level 2 of the Dungeon.
             The game lasted 00:01:05 (1193 turns).

Borgoz the Ruffian (Ghoul Monk)                     Turns: 1193, Time: 00:01:06

Health: -2/33      AC: -3    Str: 14    XL:     3   Next: 4%
Magic:  2/2        EV: 11    Int:  5    God:
Gold:   144        SH:  0    Dex: 12    Spells: 2/2 levels left

rFire    . . .     SeeInvis .     - Unarmed
rCold    + . .     Faith    .   (no shield)
rNeg     + + +     Spirit   .   f - +0 ring mail
rPois    ∞         Reflect  .   (no helmet)
rElec    .         Harm     .   (no cloak)
rCorr    .         Rampage  .   (no gloves)
Will     .....                  (no boots)
Stlth    +.........             (no amulet)
HPRegen  0.00/turn              (no ring)
MPRegen  0.08/turn              (no ring)

@: corroded
A: claws 1, cold resistance 1, negative energy resistance 3, inhibited
regeneration, torment resistance, unbreathing
a: no special abilities


You were on level 2 of the Dungeon.
You visited 1 branch of the dungeon, and saw 2 of its levels.

You collected 144 gold pieces.

Inventory:

Armour
 f - a +0 ring mail (worn)
Scrolls
 a - a scroll of identify
Potions
 b - a potion of might {unknown}
 e - a potion of haste {unknown}


   Skills:
 + Level 3.7 Fighting
 + Level 3.0 Dodging
 - Level 2.1 Stealth
 + Level 3.7 Unarmed Combat


You had 2 spell levels left.
You didn't know any spells.
Your spell library was empty.

Dungeon Overview and Level Annotations

Branches:
Dungeon (2/15)

Altars:
Cheibriados


Innate Abilities, Weirdness & Mutations

You thrive by killing the living.
You are immune to poison.
You have sharp fingernails.
Your flesh is cold resistant. (rC+)
You are immune to negative energy. (rN+++)
You do not regenerate when monsters are visible.
You are immune to unholy pain and torment.
You can survive without breathing.


Message History

A jelly is nearby!
A jelly is nearby!
You are too injured to fight recklessly!
You are too injured to fight recklessly!
You are too injured to fight recklessly!
You are too injured to fight recklessly!
You are too injured to fight recklessly!
You are too injured to fight recklessly!
You are too injured to fight recklessly!
You are too injured to fight recklessly!
You are too injured to fight recklessly!
You are too injured to fight recklessly!
You are too injured to fight recklessly!
You are too injured to fight recklessly!
You barely miss the jelly.
The jelly is heavily wounded.
The jelly hits you.
You are splashed with acid!
* * * LOW HITPOINT WARNING * * *
You scratch the jelly but do no damage.
Your claws burn!
You die...

##########.######..#.......#..###
................##.'..8⌠8..'.##
#####.........###..#.......#..###
#####......####..#############..#
.....#...#.##..#########.#######.
#####.#.##...###...............##
# #.#.##.### #..############.# #
#.#.##.##.##..# #.# #
#.#.##.##...@.# #.## #
#.#.##......J.# #.## #
#.#....>[.).#.# #.## #
#.#.#######.#.# #.## # #.#>#
#.#.# #... # ....# ###. # #. ##
#. #####. #.# #. ...... #.# #.


You could see a jelly.

Vanquished Creatures
  A worm (D:2)
  A dart slug (D:1)
  A leopard gecko (D:1)
  A bat (D:1)
  3 goblins (D:1)
  5 hobgoblins
  A frilled lizard (D:1)
  5 kobolds
  A rat (D:1)
19 creatures vanquished.

Notes
Turn   | Place    | Note
-------+----------+-------------------------------------------
     0 | D:1      | Borgoz the Ghoul Monk began the quest for the Orb.
     0 | D:1      | Reached XP level 1. HP: 19/19 MP: 0/0
   213 | D:1      | Reached XP level 2. HP: 24/26 MP: 1/1
   971 | D:2      | Found a snail-covered altar of Cheibriados.
   992 | D:2      | Reached XP level 3. HP: 26/33 MP: 2/2
  1193 | D:2      | Splashed by a jelly's acid

Illustrated notes

Levels and vault maps discovered:
D:1:      nicolae_arrival_memento_mori, layout_loops_ring
D:2:      layout_loops_ring, lemuel_round_altar, grunt_decor_clamped

Skill      XL: |  1  2 |
---------------+-------+-----
Dodging        | 3 |  3.0
Fighting       | |  3.7
Stealth        | |  2.1
Unarmed Combat | |  3.7

Action                   || total
-------------------------++-------
Melee: Unarmed           ||    60
       Punch             ||     1
  Use: Scroll            ||     4
 Stab: Sleeping          ||     4
Armor: Ring mail         ||     9
Dodge: Dodged            ||    21

Table legend: (Time is in decaauts)
 A = Elapsed time spent in this place.
 B = Non-inter-level travel time spent in this place.
 C = Inter-level travel time spent in this place.
 D = Time resting spent in this place.
 E = Time spent auto-exploring this place.
 F = Levels seen in this place.
 G = Mean time per level.
                   A        B        C        D        E       F      G
               +--------+--------+--------+--------+--------+-----+--------+
         Total |   1190 |   1110 |     80 |      0 |    935 |   2 |  595.0 |
       Dungeon |   1190 |   1110 |     80 |      0 |    935 |   2 |  595.0 |
               +--------+--------+--------+--------+--------+-----+--------+

Top non-repeatable levels by time:
     D:1: 729 daAuts
     D:2: 460 daAuts
